 Dungeon Crawl Stone Soup version 0.18-a0-1577-gf591c28 (webtiles) character file.

7081 mrath the Basher (level 10, -7/90 HPs)
             Began as a Minotaur Fighter on Mar 22, 2016.
             Was an Elder of Okawaru.
             Mangled by a manticore (18 damage)
             ... in a volcano.
             The game lasted 00:50:51 (9162 turns).

mrath the Basher (Minotaur Fighter)                 Turns: 9162, Time: 00:50:52

Health: -7/90      AC: 11    Str: 25    XL:     10   Next: 84%
Magic:  11/13      EV: 15    Int:  5    God:    Okawaru [****..]
Gold:   475        SH: 13    Dex:  9    Spells: 0 memorised, 9 levels left

rFire  + . .     SeeInvis +     F - +2 flail (crush)
rCold  . . .     Gourm    .     P - +0 ring mail {rF+}
rNeg   . . .     Faith    .     c - +0 shield
rPois  .         Spirit   .     (helmet restricted)
rElec  .         Dismiss  .     N - +0 cloak {MR+}
rCorr  .         Reflect  .     M - +0 pair of gloves
SustAt .         Harm     .     (no boots)
MR     +....                    (no amulet)
Stlth  +++.......               E - ring of stealth
                                r - ring of see invisible

@: about to teleport, heroism, manticore barbs, somewhat resistant to hostile
enchantments, fairly stealthy
A: retaliatory headbutt, horns 2
a: Heroism, Renounce Religion


You were in a volcano.
You worshipped Okawaru.
Okawaru was greatly pleased with you.
You were not hungry.

You visited 3 branches of the dungeon, and saw 10 of its levels.
You also visited: Volcano.

You collected 475 gold pieces.

Inventory:

Hand Weapons
 z - a +0 hunting sling
 F - a +2 flail of crushing (weapon)
 X - a +0 blowgun
Missiles
 j - 351 stones
 q - 102 sling bullets
 A - 3 throwing nets
 H - 5 steel tomahawks
 I - 14 poisoned needles
 U - 6 steel javelins (quivered)
Armour
 c - a +0 shield (worn)
 K - a +0 chain mail
 M - a +0 pair of gloves (worn)
 N - a +0 cloak of magic resistance (worn)
 P - a +0 ring mail of fire resistance (worn)
Jewellery
 r - a ring of see invisible (left hand)
 E - a ring of stealth (right hand)
Wands
 x - a wand of lightning (10/15)
 O - a wand of acid (8/15)
 Q - a wand of lightning (4/15)
Scrolls
 a - a scroll of holy word {unknown}
 b - a scroll of torment {unknown}
 o - a scroll of enchant weapon
 p - 2 scrolls of identify
 y - 4 scrolls of teleportation
 G - 4 scrolls of remove curse
Potions
 d - 2 potions of might
 h - a potion of beneficial mutation {unknown}
 i - 2 potions of cancellation
 k - 2 potions of haste
 l - 3 potions of heal wounds
 v - a potion of cure mutation {unknown}
 B - a potion of flight {unknown}
 C - 2 potions of curing {unknown}
 V - a potion of mutation {unknown}
Comestibles
 f - 4 bread rations
 t - 5 meat rations


   Skills:
 + Level 8.5(13.5) Fighting
 + Level 10.2(15.2) Maces & Flails
 + Level 3.4(8.4) Throwing
 + Level 8.3(13.3) Armour
 + Level 6.6(11.6) Dodging
 + Level 8.3(13.3) Shields
 + Level 5.8 Evocations


You had 9 spell levels left.
You didn't know any spells.

Dungeon Overview and Level Annotations

Branches:
Dungeon (8/15)             Temple (1/1) D:6            Lair (1/8) D:8

Altars:
Ashenzari
Cheibriados
Fedhas
Gozag
Kikubaaqudgha
Makhleb
Nemelex Xobeh
Okawaru
Pakellas
Qazlal
Ru
Sif Muna
Trog
Vehumet
Xom
Yredelemnul
The Shining One


Innate Abilities, Weirdness & Mutations

You reflexively headbutt those who attack you in melee.
You have a pair of horns on your head.


Message History

The manticore misses you. The manticore claws you.
* * * LOW HITPOINT WARNING * * *
The manticore flicks its tail.
The volley of spikes hits you!
The barbed spikes become lodged in your body.
* * * LOW HITPOINT WARNING * * *
The lava snake spits lava at you. You block the glob of lava.
The barbs in your skin will harm you if you move.
Continue? [Y]es or [N]o only, please.
The barbs in your skin will harm you if you move.
Continue? [Y]es or [N]o only, please.
The barbs in your skin will harm you if you move.
Continue?
Okay, then.
Read which item? (? for menu, Esc to quit)
As you read the scroll of teleportation, it crumbles to dust.
You feel strangely unstable.
You gain the combat prowess of a mighty hero.
You feel slightly more hungry. The manticore bites you!!
You die...

#.#...##.##
#.###8###.#
##.##'.##.# ###
##.#.###.## ##.##
#8'.#.##.# ###.§§.
#.###.#.## ####...§≈§
### #∩##.####8....§.§§
##.###.........≈§≈≈
#8@8######8....≈≈≈≈
##H## ###..≈≈§≈≈
#≈.≈.S.S.# ###..≈≈≈≈≈
#.≈.≈§S§≈# #...≈≈≈§≈≈
#≈.§.§.≈.####§.≈≈≈§§≈≈
#[≈.≈.≈.§##.§.≈≈≈≈§§§≈
#≈!≈.≈.≈[##...≈§≈≈≈§≈§
#)§)≈.≈!≈###...≈.≈≈≈≈§
########## ##...§≈≈§≈§


You could see a manticore and 2 lava snakes.

Vanquished Creatures
  Erica (D:8)
  Maurice (D:8)
  Joseph (D:8)
  A spiny frog (Lair:1)
  A wyvern (D:8)
  12 fire bats (Volcano)
  A hungry ghost (D:8)
  A basilisk (Lair:1)
  A hippogriff (D:8)
  A mottled dragon (Volcano)
  A water moccasin (Lair:1)
  Duvessa (D:5)
  A necrophage (D:7)
  6 ogres
  A centaur (D:7)
  2 crocodiles (Lair:1)
  Blork the orc (D:4)
  5 giant frogs
  Dowan (D:5)
  4 killer bees (D:7)
  8 wights
  2 howler monkeys
  2 lava snakes (Volcano)
  A crimson imp (D:6)
  3 giant frog zombies
  A wasp zombie (D:8)
  A quasit (D:7)
  6 hounds
  Crazy Yiuf (D:6)
  2 giant frog skeletons (D:8)
  Jessica (D:2)
  Ijyb (D:2)
  2 iguanas
  Natasha (thrice) (D:2)
  4 worker ants
  Robin (D:4)
  4 gnolls
  A howler monkey skeleton (D:6)
  8 adders
  10 river rats (Lair:1)
  A shadow imp (D:5)
  2 oozes
  An adder skeleton (D:5)
  A dart slug (D:2)
  7 giant geckos
  9 orcs
  7 bats
  9 giant cockroaches
  15 goblins
  9 hobgoblins
  9 jackals
  7 kobolds
  2 quokkas
  3 ball pythons
  5 giant newts
  A jackal zombie (D:5)
  5 rats
199 creatures vanquished.

Notes
Turn   | Place    | Note
--------------------------------------------------------------
     0 | D:1      | mrath the Minotaur Fighter began the quest for the Orb.
     0 | D:1      | Reached XP level 1. HP: 19/19 MP: 0/0
    79 | D:1      | Reached skill level 3 in Maces & Flails
    88 | D:1      | Reached XP level 2. HP: 20/26 MP: 1/1
   473 | D:1      | Reached skill level 4 in Maces & Flails
   783 | D:2      | Reached XP level 3. HP: 31/31 MP: 2/2
   853 | D:2      | Noticed Natasha
   858 | D:2      | Killed Natasha
   858 | D:2      | Reached skill level 5 in Maces & Flails
   869 | D:2      | Reached XP level 4. HP: 26/39 MP: 3/3
  1000 | D:2      | Noticed Jessica
  1026 | D:2      | Killed Jessica
  1155 | D:2      | Noticed Ijyb
  1156 | D:2      | Noticed Natasha
  1168 | D:2      | Killed Ijyb
  1168 | D:2      | Reached skill level 6 in Maces & Flails
  1173 | D:2      | Killed Natasha
  1173 | D:2      | Reached XP level 5. HP: 35/45 MP: 4/4
  1461 | D:2      | Noticed Natasha
  1464 | D:2      | Killed Natasha
  1621 | D:3      | Found a basalt altar of Yredelemnul.
  1622 | D:3      | Found a deep blue altar of Sif Muna.
  1655 | D:3      | Found a burning altar of Makhleb.
  1661 | D:3      | Found a bloodstained altar of Trog.
  2296 | D:3      | Found an ancient bone altar of Kikubaaqudgha.
  2824 | D:3      | Reached skill level 7 in Maces & Flails
  2907 | D:4      | Noticed Robin
  2945 | D:4      | Killed Robin
  2945 | D:4      | Reached XP level 6. HP: 52/52 MP: 5/5
  3034 | D:4      | Reached skill level 1 in Evocations
  3168 | D:4      | Reached skill level 1 in Dodging
  3261 | D:4      | Found a stormy altar of Qazlal.
  3326 | D:4      | Noticed Blork the orc
  3333 | D:4      | Killed Blork the orc
  3350 | D:4      | Found an opulent altar of Gozag.
  3842 | D:5      | Entered Level 5 of the Dungeon
  3866 | D:5      | Reached XP level 7. HP: 54/60 MP: 7/7
  4256 | D:5      | Noticed Dowan
  4275 | D:5      | Killed Dowan
  4278 | D:5      | Noticed Duvessa
  4300 | D:5      | Killed Duvessa
  4573 | D:5      | Reached skill level 5 in Shields
  5037 | D:6      | Reached skill level 5 in Fighting
  5037 | D:6      | Reached skill level 5 in Armour
  5086 | D:6      | Found a snail-covered altar of Cheibriados.
  5108 | D:6      | Found a staircase to the Ecumenical Temple.
  5115 | Temple   | Entered the Ecumenical Temple
  5129 | Temple   | Became a worshipper of Warmaster Okawaru
  5152 | D:6      | Reached XP level 8. HP: 60/68 MP: 8/8
  5365 | D:6      | Noticed Crazy Yiuf
  5372 | D:6      | Killed Crazy Yiuf
  5529 | D:6      | Reached skill level 8 in Maces & Flails
  5695 | D:6      | Found an oddly glowing altar of Pakellas.
  6289 | D:7      | Reached * piety under Okawaru
  6676 | D:7      | Reached XP level 9. HP: 75/75 MP: 10/10
  7107 | D:8      | Found a staircase to the Lair.
  7205 | D:8      | Noticed Maurice
  7287 | D:8      | Found a shattered altar of Ashenzari.
  7295 | D:8      | Killed Maurice
  7310 | D:8      | Noticed Joseph
  7323 | D:8      | Killed Joseph
  7323 | D:8      | Reached ** piety under Okawaru
  7323 | D:8      | Reached skill level 9 in Maces & Flails
  7482 | D:8      | Reached skill level 5 in Dodging
  7661 | D:8      | Noticed Erica
  7683 | D:8      | Killed Erica
  7683 | D:8      | Reached skill level 1 in Throwing
  7683 | D:8      | Reached XP level 10. HP: 33/86 MP: 9/12
  7685 | D:8      | Reached *** piety under Okawaru
  7743 | D:8      | Reached skill level 5 in Evocations
  8377 | Lair:1   | Entered Level 1 of the Lair of Beasts
  8640 | Lair:1   | Noticed a spiny frog
  8653 | Lair:1   | Killed a spiny frog
  8903 | Lair:1   | Found a dark tunnel.
  8940 | Volcano  | Entered a volcano
  9058 | Volcano  | Reached skill level 10 in Maces & Flails
  9117 | Volcano  | Reached **** piety under Okawaru
  9142 | Volcano  | Noticed a manticore
  9162 | Volcano  | Mangled by a manticore

Vault maps used:
D:1:      dpeg_arrival_shelter, serial_corexii_hall, corexii_hall_statues_u,
          corexii_hall_statues_l, corexii_hall_statues_x
D:2:      first_bread, uniq_jessica, uniq_iyjb, uniq_natasha
D:3:      nicolae_overflow_hidden_temple, nicolae_overflow_crystal_walls
D:4:      nicolae_gozag_cash_rules_everything_around_me, lemuel_statue_altar,
          uniq_blork_the_orc, uniq_robin
D:5:      uniq_duvessa
D:6:      lemuel_round_altar, minmay_temple_entry_purple_smoke,
          grunt_pakellas_mercury, uniq_crazy_yiuf_cottage
D:8:      cheibrodos_ashenzari_chains, lair_0_dummy, uniq_joseph, uniq_erica,
          uniq_maurice
Temple:   eino_narrow_crystal_temple_a_12
Lair:1:   lightli_volcano_entry_magma_tube, serial_bayou_lagoon_a
Volcano:  volcano_grotto

Skill      XL: |  1  2  3  4  5  6  7  8  9 10 |
---------------+-------------------------------+-----
Maces & Flails | 3 4 5 6 7 8 9 10 | 10.2
Evocations     | 1 2 3 4 5 |  5.8
Fighting       | 4 5 6 7 8 |  8.5
Shields        | 4 5 6 7 8 |  8.3
Dodging        | 1 2 4 5 6 |  6.6
Armour         | 4 5 6 7 8 |  8.3
Throwing       | 1 3 |  3.4

Action                   |  1- 3 |  4- 6 |  7- 9 | 10-12 || total
-------------------------+-------+-------+-------+-------++-------
Melee: Flail             |    69 |   169 |   238 |   121 ||   597
 Fire: Hunting sling     |       |     4 |    12 |     3 ||    19
Throw: Tomahawk          |       |       |    15 |       ||    15
       Javelin           |       |       |       |     1 ||     1
Invok: Heroism           |       |       |     3 |     2 ||     5
  Use: Scroll            |       |     4 |     6 |     4 ||    14
       Potion            |       |       |     3 |       ||     3
  Eat: Chunk             |       |    10 |    12 |     1 ||    23
       Bread ration      |       |       |       |     1 ||     1
       Beef jerky        |       |       |       |     1 ||     1
